General information
- name: BNet
- type: Ladder team game (AT/RT)
- host: Battle.net
- saver: Starshaped
map: CentaurGrove
- players: 4
- length: 08:08
- speed: Fast
- version: 1.24 W3XP
- replay type: Public
» download(52 KB)
Players
team 1 (winner)
Chainer- (
pink | 74 APM | 600 actions | 08:07)
2 Tauren Chieftain
1 Shockwave
1 Endurance Aura
» actions
| Assign group hotkey | 3 | |
| Basic commands | 20 | |
| Build / train | 34 | |
| Enter build submenu | 9 | |
| Enter hero's abilities submenu | 2 | |
| Remove unit from queue | 2 | |
| Right click | 301 | |
| Select / deselect | 162 | |
| Select group hotkey | 31 | |
| Use ability | 36 | |
600 total
» units
| Peon | 5 | |
| Troll Headhunter/Berserker | 12 | |
17 total
» upgrades
» buildings
| War Mill | 1 | |
| Barracks | 2 | |
| Orc Burrow | 3 | |
| Altar of Storms | 1 | |
| Voodoo Lounge | 1 | |
| Stronghold | 1 | |
9 total
» build order
00:07 War Mill
00:19 Barracks
00:38 Orc Burrow
01:10 Altar of Storms
01:51 Voodoo Lounge
02:15 Orc Burrow
02:44 Barracks
05:08 Stronghold
06:17 Orc Burrow
» items
| Scroll of Speed | 2 | |
| Healing Salve | 2 | |
| Lesser Clarity Potion | 3 | |
| Potion of Healing | 1 | |
8 total
Starshaped (
blue | 93 APM | 760 actions | 08:08)
3 Archmage
2 Summon Water Elemental
1 Brilliance Aura
2 Mountain King
1 Storm Bolt
1 Thunder Clap
» actions
| Assign group hotkey | 27 | |
| Basic commands | 11 | |
| Build / train | 32 | |
| Enter build submenu | 14 | |
| Enter hero's abilities submenu | 5 | |
| Right click | 318 | |
| Select / deselect | 197 | |
| Select group hotkey | 119 | |
| Use ability | 37 | |
760 total
» units
| Peasant | 10 | |
| Footman | 7 | |
| Centaur Outrunner | 1 | |
| Priest | 1 | |
19 total
» upgrades
» buildings
| Altar of Kings | 1 | |
| Barracks | 1 | |
| Farm | 7 | |
| Scout Tower | 1 | |
| Arcane Tower | 1 | |
| Keep | 1 | |
| Arcane Vault | 1 | |
| Arcane Sanctum | 2 | |
15 total
» build order
00:07 Altar of Kings
00:13 Barracks
00:35 Farm
01:05 Farm
01:45 Farm
01:57 Scout Tower
02:39 Arcane Tower
02:46 Farm
03:13 Farm
03:48 Keep
04:07 Arcane Vault
05:36 Farm
05:36 Farm
06:12 Arcane Sanctum
06:16 Arcane Sanctum
» items
| Scroll of Regeneration | 1 | |
| Scroll of Town Portal | 1 | |
2 total
team 2 (loser)
iG.MyLonelyDeer (
green | 125 APM | 715 actions | 05:42)
3 Archmage
2 Summon Water Elemental
1 Brilliance Aura
» actions
| Assign group hotkey | 24 | |
| Basic commands | 50 | |
| Build / train | 19 | |
| Enter build submenu | 13 | |
| Enter hero's abilities submenu | 3 | |
| Right click | 237 | |
| Select / deselect | 89 | |
| Select group hotkey | 259 | |
| Use ability | 21 | |
715 total
» units
» buildings
| Altar of Kings | 1 | |
| Farm | 4 | |
| Barracks | 1 | |
| Keep | 1 | |
| Scout Tower | 1 | |
| Lumber Mill | 1 | |
| Arcane Vault | 1 | |
10 total
» build order
00:08 Altar of Kings
00:23 Farm
00:30 Barracks
01:00 Farm
01:40 Farm
03:10 Farm
03:24 Keep
03:34 Scout Tower
03:51 Lumber Mill
04:20 Arcane Vault
NCUs_AzuloN (
yellow | 208 APM | 1691 actions | 08:06)
2 Blademaster
1 Wind Walk
1 Critical Strike
1 Pandaren Brewmaster
1 Breath of Fire
» actions
| Assign group hotkey | 98 | |
| Basic commands | 58 | |
| Build / train | 38 | |
| ESC pressed | 2 | |
| Enter build submenu | 11 | |
| Enter hero's abilities submenu | 3 | |
| Right click | 659 | |
| Select / deselect | 171 | |
| Select group hotkey | 549 | |
| Use ability | 102 | |
1691 total
» units
» upgrades
» buildings
| Altar of Storms | 1 | |
| Orc Burrow | 8 | |
| Barracks | 1 | |
| Voodoo Lounge | 1 | |
| Stronghold | 1 | |
12 total
» build order
00:05 Altar of Storms
00:24 Orc Burrow
00:53 Barracks
01:36 Orc Burrow
01:58 Voodoo Lounge
03:06 Stronghold
04:28 Orc Burrow
05:30 Orc Burrow
05:32 Orc Burrow
06:08 Orc Burrow
06:09 Orc Burrow
06:27 Orc Burrow
» items
| Lesser Clarity Potion | 3 | |
| Healing Salve | 4 | |
| Scroll of Regeneration | 1 | |
8 total
Chat log
(00:09 / All) Chainer-: hey deer
(00:12 / Allies) Chainer-: these guys are good
(00:13 / All) iG.MyLonelyDeer: :)
(00:15 / All) iG.MyLonelyDeer: hi man
(00:15 / All) NCUs_AzuloN: hi
(00:21 / All) iG.MyLonelyDeer: here myth]Deer myth]Mephisto
(00:32 / Allies) Chainer-: well not THAT good
(00:43 / All) Chainer-: cool
(00:45 / All) iG.MyLonelyDeer: orc hum?
(00:53 / All) Chainer-: yup
(00:55 / Allies) Starshaped: tc/hh will hown
(01:01 / Allies) Starshaped: i'll fast creep teh shop for ward
(01:08 / Allies) Chainer-: watch for bm
(01:40 / All) Chainer-: cant remember the cw vs myth that well
(01:45 / All) Chainer-: u guys play the 2v2?
(01:45 / All) iG.MyLonelyDeer: :]
(01:47 / All) iG.MyLonelyDeer: y
(02:06 / All) Chainer-: was it me and star playing then?
(02:19 / All) iG.MyLonelyDeer: dunno
(02:26 / All) iG.MyLonelyDeer: what team?
(02:30 / All) Chainer-: magi
(02:44 / All) iG.MyLonelyDeer: 3:0
(02:48 / All) iG.MyLonelyDeer: 2-1 2-1 2-0
(04:06 / All) Chainer-: ^^
(04:28 / Allies) Chainer-: lol got his bm
(04:30 / Allies) Chainer-: shockwave 4tw
(04:36 / Allies) Starshaped: gonna hit burrows
(05:43 / Allies) Starshaped: got all his burrows
(05:56 / Allies) Chainer-: yea im pwning hu atm
(06:02 / Allies) Starshaped: share
(07:14 / Allies) Chainer-: im b